 Dungeon Crawl Stone Soup version 0.31.0-9-g3a7656b989 (webtiles) character file.

Game seed: 5186898123883802241

114 qw the Shooter (level 4, -2/36 HPs)
             Began as a Demigod Hunter on Feb 2, 2024.
             Slain by Pikel
             ... wielding a +0 whip of flaming
              (3 damage)
             ... on level 4 of the Dungeon.
             The game lasted 00:00:08 (2014 turns).

qw the Shooter (Demigod Hunter)                     Turns: 2014, Time: 00:00:09

Health: -2/36      AC:  7    Str: 18    XL:     4   Next: 41%
Magic:  6/6        EV: 11    Int: 11    God:
Gold:   25         SH:  0    Dex: 21    Spells: 3/3 levels left

rFire   . . .        a - +0 shortbow
rCold   . . .        (shield currently unavailable)
rNeg    . . .        d - +0 ring mail
rPois   .            (no helmet)
rElec   .            (no cloak)
rCorr   .            (no gloves)
SInv    .            f - +1 pair of boots
Will    +....        b - amulet of regeneration
Stlth   +            n - ring of willpower
HPRegen 1.06/turn    p - +6 ring of strength
MPRegen 0.10/turn

%: no passive effects
@: no status effects
A: high MP 1, forlorn, divine attributes
a: no special abilities


You were on level 4 of the Dungeon.
You visited 1 branch of the dungeon, and saw 4 of its levels.

You collected 227 gold pieces.
You spent 202 gold pieces at shops.


Innate Abilities, Weirdness & Mutations

You have an increased reservoir of magic. (+10% MP)
You shall have no god before yourself.
Your divine heritage dramatically boosts your attributes as you level up.


   Skills:
 - Level 2.0 Fighting
 + Level 5.2 Ranged Weapons
 - Level 1.0 Armour
 - Level 2.0 Dodging
 - Level 0.8 Stealth


You had 3 spell levels left.
You didn't know any spells.
Your spell library was empty.

Inventory:

Hand Weapons
 a - a +0 shortbow (weapon)
Armour
 d - a +0 ring mail (worn)
 f - a +1 pair of boots (worn)
Jewellery
 b - an amulet of regeneration (around neck)
 n - a ring of willpower (left hand)
 p - a +6 ring of strength (right hand)
Potions
 g - a potion of resistance {unknown}
 h - a potion of lignification {unknown}
 j - a potion of haste {unknown}

Dungeon Overview and Level Annotations

Branches:
Dungeon (4/15)
 Temple: D:4-7

Shops:
D:2 *   D:3 [

Annotations:
D:4 Pikel


Message History

The lemure is heavily wounded.
Pikel closely misses you.
You shoot an arrow. The arrow barely misses Pikel.
The arrow hits the lemure.
The lemure is severely wounded.
The giant cockroach waves its antennae.
Pikel misses you.
You shoot an arrow.
The arrow hits Pikel but does no damage.
Pikel is moderately wounded.
Pikel hits you with a +0 whip of flaming.
Pikel burns you.
Pikel hits you with a +0 whip of flaming.
Pikel burns you.
You shoot an arrow.
The arrow hits Pikel but does no damage.
Pikel is moderately wounded.
Pikel closely misses you.
You shoot an arrow. The arrow closely misses Pikel.
The arrow completely misses the lemure.
The arrow closely misses the hobgoblin.
Pikel barely misses you.
You shoot an arrow. The arrow hits Pikel.
Pikel is moderately wounded.
Pikel hits you with a +0 whip of flaming.
Pikel burns you.
You shoot an arrow.
The arrow hits Pikel but does no damage.
Pikel is moderately wounded.
Pikel hits you but does no damage.
You shoot an arrow. The arrow barely misses Pikel.
The arrow hits the lemure.
The lemure is severely wounded.
Pikel says, "It's all about the gold, really."
Pikel hits you with a +0 whip of flaming.
Pikel burns you. Pikel closely misses you.
You shoot an arrow.
The arrow hits Pikel but does no damage.
Pikel is moderately wounded.
Pikel hits you with a +0 whip of flaming.
Pikel burns you.
You die...
Pikel says, "See you in Hell!"

.. #.. ..# ..#
#.#### #.###.#.+
#.....g#######.#
#####.5K@......#
#..##.5##..#####
#..##..##..#
##......##..#
##.......##..#
#......####..#
##.##.## #..#
#..<.# #..#
#>###..#####..#


You could see Pikel, 2 lemures and a hobgoblin.

Vanquished Creatures
  A lemure (D:4)
  An orc priest (D:3)
  2 adders
  A dart slug (D:3)
  5 orcs
  10 bats
  5 endoplasms
  5 giant cockroaches
  5 goblins
  2 hobgoblins
  3 jackals (D:1)
  5 kobolds
  3 quokkas
  A ball python (D:1)
  6 frilled lizards
  2 rats
57 creatures vanquished.

Notes
Turn   | Place    | Note
-------+----------+-------------------------------------------
     0 | D:1      | qw the Demigod Hunter began the quest for the Orb.
     0 | D:1      | Reached XP level 1. HP: 17/17 MP: 3/3
     0 | D:1      | 0 ||| qw: Version: 0.3-a-155-g5e7d8dd
     0 | D:1      | 0 ||| qw: Game counter: 281
     0 | D:1      | 0 ||| qw: Melee chars always use a shield: true
     0 | D:1      | 0 ||| qw: God list: Okawaru
     0 | D:1      | 0 ||| qw: Allow faded altars: false
     0 | D:1      | 0 ||| qw: Do Orc after clearing Dungeon:15 true
     0 | D:1      | 0 ||| qw: Do second Lair branch before Depths: true
     0 | D:1      | 0 ||| qw: Lair rune preference: random
     0 | D:1      | 0 ||| qw: Goals: Normal
     0 | D:1      | 0 ||| PLANNING D:1-11
   153 | D:1      | Reached skill level 4 in Ranged Weapons
   169 | D:1      | Reached XP level 2. HP: 24/24 MP: 4/4
   496 | D:1      | 496 ||| UPGRADING to +0 pair of boots.
   501 | D:1      | 501 ||| READING scroll labelled CUKIGY UNAHI.
   506 | D:1      | 506 ||| READING scroll labelled CIKIRAM LACAMU.
   507 | D:1      | 507 ||| READING scroll labelled TUENIL MAXOA.
   508 | D:1      | 508 ||| READING scroll labelled QOKLI WESOGED.
   609 | D:1      | 609 ||| DROPPING scroll of butterflies.
   789 | D:2      | Reached XP level 3. HP: 29/29 MP: 5/5
   800 | D:2      | Found Okli's Assorted Antiques.
   810 | D:2      | 810 ||| BUYING brass ring (85 gold).
   810 | D:2      | Bought a brass ring for 85 gold pieces
   810 | D:2      | 810 ||| BUYING lumpy coppery potion (15 gold).
   810 | D:2      | Bought a lumpy coppery potion for 15 gold pieces
   810 | D:2      | 810 ||| SHOPLISTING pitted ring mail (153 gold, have 8).
   810 | D:2      | 810 ||| SHOPLISTING smoky emerald potion (15 gold, have 8).
  1096 | D:2      | 1096 ||| UPGRADING to +0 ring mail.
  1106 | D:2      | 1106 ||| DROPPING +0 leather armour.
  1107 | D:2      | 1107 ||| DROPPING scarf of invisibility.
  1108 | D:2      | 1108 ||| UPGRADING to ring of willpower.
  1109 | D:2      | 1109 ||| UPGRADING to +6 ring of strength.
  1110 | D:2      | 1110 ||| READING scroll labelled CENEUR PIOWO.
  1110 | D:2      | 1110 ||| IDENTIFYING fizzy cyan potion
  1111 | D:2      | 1111 ||| READING scroll labelled QUAGOEB XINEOB.
  1112 | D:2      | 1112 ||| READING scroll labelled LETOOR GIRPHO.
  1112 | D:2      | 1112 ||| ENCHANTING +0 pair of boots.
  1113 | D:2      | 1113 ||| DRINKING 2 smoky emerald potions.
  1114 | D:2      | 1114 ||| DRINKING 2 lumpy coppery potions.
  1115 | D:2      | 1115 ||| DROPPING potion of ambrosia.
  1116 | D:2      | 1116 ||| DROPPING potion of brilliance.
  1118 | D:2      | 1118 ||| Stepping ~*~*~tactically~*~*~ (cloud).
  1126 | D:2      | HP: 7/29 [poisoned by you (poison gas)]
  1415 | D:3      | 1415 ||| FLEEEEING.
  1416 | D:3      | 1416 ||| FLEEEEING.
  1417 | D:3      | 1417 ||| FLEEEEING.
  1418 | D:3      | 1418 ||| FLEEEEING.
  1427 | D:3      | HP: 3/29 [orc priest/divine providence (13)]
  1428 | D:3      | 1428 ||| DRINKING potion of heal wounds.
  1432 | D:3      | Reached skill level 5 in Ranged Weapons
  1482 | D:3      | Reached XP level 4. HP: 32/36 MP: 6/6
  1701 | D:3      | Reached skill level 1 in Armour
  1812 | D:3      | Found Foczaezo's Antique Armour Shoppe.
  1822 | D:3      | 1822 ||| BUYING ancient robe (102 gold).
  1822 | D:3      | Bought an ancient robe for 102 gold pieces
  1822 | D:3      | Identified the +2 robe of Grot {Str+3 Dex-4 Archmagi} (You
                  | bought it in a shop on level 3 of the Dungeon)
  1822 | D:3      | 1822 ||| SHOPLISTING bloodstained robe (102 gold, have 25).
  1822 | D:3      | 1822 ||| SHOPLISTING pair of runed gloves (135 gold, have
                  | 25).
  1916 | D:3      | 1916 ||| DROPPING +2 robe of Grot {Str+3 Dex-4 Archmagi}.
  1917 | D:3      | 1917 ||| UPGRADING to amulet of regeneration.
  1954 | D:4      | 1954 ||| PLANNING OSSUARY
  1985 | D:4      | Noticed a lemure
  1987 | D:4      | Noticed a lemure
  1988 | D:4      | 1988 ||| RETREEEEATING.
  1988 | D:4      | Noticed a lemure
  1989 | D:4      | Noticed Pikel
  1989 | D:4      | 1989 ||| RETREEEEATING.
  1990 | D:4      | 1990 ||| RETREEEEATING.
  1991 | D:4      | 1991 ||| RETREEEEATING.
  1991 | D:4      | Noticed a lemure
  1994 | D:4      | Killed a lemure
  2008 | D:4      | HP: 7/36 [Pikel/+0 whip of flaming (5)]
  2013 | D:4      | HP: 7/36 [Pikel/+0 whip of flaming (3)]
  2014 | D:4      | HP: 1/36 [Pikel/+0 whip of flaming (6)]
  2014 | D:4      | Slain by Pikel

Levels and vault maps discovered:
D:1:      dpeg_arrival_rooms_a, layout_rooms,
          shapermc_ecumenical_altar_acropolis, hex_intersection,
          wad_floor_pattern_untrapped
D:2:      layout_rooms, serial_shops, shop
D:3:      layout_loops_cross, nicolae_gozag_cash_rules_everything_around_me,
          serial_shops, shop, grunt_ministairs_1
D:4:      layout_loops_ring, kennysheep_mini, enter_ossuary_2,
          gammafunk_ghost_smash, grunt_decor_mini_mirrors, kennysheep_diamond,
          uniq_pikel

Skill      XL: |  1  2  3  4 |
---------------+-------------+-----
Ranged Weapons | 4 5 |  5.2
Fighting       | 2 |  2.0
Dodging        | 2 |  2.0
Armour         | 1 |  1.0
Stealth        | |  0.8

Action                     |  1- 3 |  4- 6 || total
---------------------------+-------+-------++-------
   Fire: Shortbow          |   120 |    59 ||   179
    Use: Scroll            |     7 |       ||     7
         Potion            |     3 |       ||     3
 Armour: Leather armour    |    18 |       ||    18
         Ring mail         |     6 |    28 ||    34
  Dodge: Dodged            |    33 |    16 ||    49

Table legend:
 A = Non-vault XP
 B = Vault XP
 C = Vault XP percentage of total XP
 D = Non-vault monster count
 E = Vault monster count
 F = Vault count percentage of total count
                 A         B        C        D         E       F
            +---------+---------+-------+---------+---------+-------
      Total |     159 |       5 |   3.0 |      54 |       2 |   3.6
            +---------+---------+-------+---------+---------+-------
        D:1 |      33 |       0 |   0.0 |      21 |       0 |   0.0
        D:2 |      28 |       0 |   0.0 |      17 |       0 |   0.0
        D:3 |      82 |       5 |   5.7 |      14 |       2 |  12.5
        D:4 |      16 |       0 |   0.0 |       2 |       0 |   0.0
            +---------+---------+-------+---------+---------+-------
